 Dungeon Crawl Stone Soup version 0.27-a0-1500-g450c7e4133 (webtiles) character file.

Game seed: 8082129763089882459

1361 karkarkar the Cleaver (level 8, -5/70 HPs)
             Began as a Minotaur Berserker on July 7, 2021.
             Was an Elder of Trog.
             Slain by Eustachio (8 damage)
             ... on level 5 of the Dungeon.
             The game lasted 00:10:20 (5576 turns).

karkarkar the Cleaver (Minotaur Berserker)          Turns: 5576, Time: 00:10:21

Health: -5/70      AC:  8    Str: 25      XL:     8   Next: 37%
Magic:  7/7        EV: 10    Int:  4      God:    Trog [****..]
Gold:   230        SH:  0    Dex:  5 (9)  Spells: 7/7 levels left

rFire    . . .     SeeInvis .   j - +3 war axe
rCold    . . .     Faith    .   (no shield)
rNeg     . . .     Spirit   .   c - +1 scale mail
rPois    .         Reflect  .   (helmet restricted)
rElec    .         Harm     .   (no cloak)
rCorr    +         Rampage  .   (no gloves)
Will     ++...                  (no boots)
Stlth    ..........             (no amulet)
HPRegen  1.21/turn              a - ring of resist corrosion
MPRegen  0.10/turn              (no ring)

@: strong-willed, regenerating
A: horns 2, retaliatory headbutt
a: Renounce Religion, Berserk, Trog's Hand, Brothers in Arms


You were on level 5 of the Dungeon.
You worshipped Trog.
Trog was greatly pleased with you.
You visited 1 branch of the dungeon, and saw 5 of its levels.
You also visited: Sewer.

You collected 308 gold pieces.
You spent 78 gold pieces at shops.

Inventory:

Hand Weapons
 j - a +3 war axe (weapon)
Armour
 c - a +1 scale mail (worn)
Jewellery
 a - a ring of resist corrosion (left hand)
Scrolls
 f - 6 scrolls of fog
 g - a scroll of immolation
 i - 3 scrolls of teleportation
 k - a scroll of noise {unknown}
 l - a scroll of blinking {unknown}
 p - a scroll of magic mapping {unknown}
 q - a scroll of fear {unknown}
 r - a scroll of vulnerability {unknown}
Potions
 b - a potion of degeneration {unknown}
 d - 5 potions of might
 e - 2 potions of cancellation
 h - 4 potions of heal wounds
 m - 2 potions of magic {unknown}
 n - 3 potions of curing
 o - a potion of haste {unknown}


   Skills:
 + Level 6.2 Fighting
 + Level 8.9 Axes
 + Level 6.5 Armour
 + Level 4.3 Dodging
 + Level 1.3 Stealth


You had 7 spell levels left.
You didn't know any spells.
Your spell library was empty.

Dungeon Overview and Level Annotations

Branches:
Dungeon (5/15)             Temple (0/1) D:5           Sewer (visited)

Altars:
Fedhas
Kikubaaqudgha
Makhleb

Shops:
D:4 !

Annotations:
D:5 2 transporters, Eustachio; ptrx2's ghost, novice HOFi


Innate Abilities, Weirdness & Mutations

You have a pair of horns on your head.
You reflexively headbutt those who attack you in melee.


Message History

You closely miss the quasit.
The crimson imp shouts, "Begone, thou yeasty roguish tiddler!"
The quasit bites you but does no damage.
The quasit claws you but does no damage. x2
Eustachio hits you with a +4 falchion of electrocution.
You hit Eustachio.
Eustachio is lightly wounded.
You miss the quasit.
The quasit bites you but does no damage.
The quasit claws you but does no damage. x2
Eustachio hits you with a +4 falchion of electrocution.
You hit Eustachio. Your headbutt misses Eustachio.
Eustachio is lightly wounded.
You slash the quasit!
The quasit bites you but does no damage.
The quasit completely misses you.
The quasit claws you but does no damage.
Eustachio hits you with a +4 falchion of electrocution.
You are electrocuted!
The quasit closely misses you. You furiously retaliate!
You headbutt the quasit!
You kill the quasit!
You hit Eustachio. Your headbutt misses Eustachio.
Eustachio is moderately wounded.
The crimson imp blinks!
Eustachio hits you with a +4 falchion of electrocution!
Your skin crawls.
You feel strong-willed.
Eustachio hits you with a +4 falchion of electrocution.
* * * LOW HITPOINT WARNING * * *
You barely miss Eustachio.
Eustachio is moderately wounded.
Eustachio hits you with a +4 falchion of electrocution.
* * * LOW HITPOINT WARNING * * *
You are electrocuted!
* * * LOW HITPOINT WARNING * * *
You hit Eustachio. Your headbutt misses Eustachio.
Eustachio is moderately wounded.
Eustachio calls on the powers of shadow!
Eustachio hits you with a +4 falchion of electrocution!
You die...

#..?#.### #.#.#
..#.#...# #.#.#
###.###.######)#5#
# #.# #......#.#.#
###.####.....#.#.#
......##.>..>#.#.#
###.#........#.#5#
# #.####.....#.#@#
# #..# #.....#.#@#
# ##># #.....#.#.#
## #.# #######.#.#
.# #.# #.#.#
'###### #.#.#
....#.# #.#.#
....#.# #.#.#
>...#.### #.#.#
....#...# #.#.#


You could see Eustachio, an iron imp (summoned) and a crimson imp (summoned).

Vanquished Creatures
  Menkaure (D:4)
  An ice beast (D:5)
  2 ogres (D:5)
  2 centaurs (D:5)
  2 bullfrogs (Sewer)
  2 scorpions
  A water moccasin skeleton (D:5)
  A centaur skeleton (D:5)
  3 jellies
  A bullfrog skeleton (D:5)
  An orc priest (D:3)
  2 iguanas (D:5)
  A howler monkey zombie (D:3)
  A gnoll (D:1)
  11 adders
  3 river rats (Sewer)
  An ufetubus (D:5)
  3 adder skeletons (D:4)
  A worm (D:2)
  2 dart slugs (D:2)
  9 orcs
  8 bats
  8 endoplasms
  7 giant cockroaches
  5 hobgoblins
  8 quokkas
  23 ball pythons
  3 frilled lizards (D:1)
  6 goblins
  3 kobolds
  29 rats
151 creatures vanquished.

Vanquished Creatures (others)
  4 fungi (D:1)
  A plant (D:1)
5 creatures vanquished.

Grand Total: 156 creatures vanquished

Notes
Turn   | Place    | Note
-------+----------+-------------------------------------------
     0 | D:1      | karkarkar the Minotaur Berserker began the quest for the
                  | Orb.
     0 | D:1      | Reached XP level 1. HP: 19/19 MP: 0/0
   122 | D:1      | Reached XP level 2. HP: 27/27 MP: 1/1
   175 | D:1      | Reached skill level 4 in Axes
   332 | D:1      | Found a faded altar of an unknown god.
   506 | D:1      | Reached XP level 3. HP: 10/33 MP: 2/2
  1295 | D:2      | Reached ** piety under Trog
  1696 | D:2      | Reached XP level 4. HP: 41/41 MP: 3/3
  1859 | D:3      | Noticed a scorpion
  1868 | D:3      | Killed a scorpion
  2151 | D:3      | Reached XP level 5. HP: 43/47 MP: 4/4
  2193 | D:3      | Reached skill level 5 in Axes
  3100 | D:4      | Found Jyrople's Distillery.
  3217 | D:4      | Found a burning altar of Makhleb.
  3260 | D:4      | Reached skill level 5 in Fighting
  3260 | D:4      | Reached XP level 6. HP: 37/56 MP: 5/5
  3338 | D:4      | Found a glowing drain.
  3339 | D:4      | Noticed Menkaure
  3346 | D:4      | Killed Menkaure
  3347 | D:4      | Reached skill level 5 in Armour
  3356 | Sewer    | Entered a sewer
  3550 | Sewer    | Reached *** piety under Trog
  3613 | Sewer    | Reached skill level 6 in Axes
  3813 | Sewer    | Reached XP level 7. HP: 61/61 MP: 6/6
  3814 | Sewer    | Reached **** piety under Trog
  4027 | D:4      | Bought a potion of curing for 39 gold pieces
  4027 | D:4      | Bought a potion of curing for 39 gold pieces
  4185 | D:4      | Reached skill level 7 in Axes
  4343 | D:4      | Found a blossoming altar of Fedhas.
  4343 | D:4      | Found an ancient bone altar of Kikubaaqudgha.
  4529 | D:5      | Entered Level 5 of the Dungeon
  4671 | D:5      | Found a staircase to the Ecumenical Temple.
  4728 | D:5      | Reached skill level 1 in Stealth
  4734 | D:5      | Reached skill level 8 in Axes
  4734 | D:5      | Reached XP level 8. HP: 39/70 MP: 7/7
  5077 | D:5      | Found a transporter.
  5079 | D:5      | Noticed ptrx2's ghost (novice HOFi)
  5172 | D:5      | Found a transporter.
  5540 | D:5      | Noticed Eustachio
  5575 | D:5      | HP: 1/70 [Eustachio (13)]
  5576 | D:5      | Slain by Eustachio

Illustrated notes

Levels and vault maps discovered:
D:1:      dpeg_arrival_lava_temple_mockup, layout_basic,
          dreamdust_ecumenical_altar_grove, minmay_misc_feat_cross
D:2:      layout_loops_ring, hangedman_decor_opposing
D:3:      layout_loops_ring
D:4:      layout_loops_ring, bloody_makhleb,
          grunt_temple_overflow_growth_and_decay, serial_shops,
          nicolae_shop_crystal, cheibrodos_sewer_entry_drain, corner_web_ring,
          uniq_menkaure
D:5:      layout_rooms, temple_green, gammafunk_ghost_stat_death,
          grunt_decor_one_mirror, minmay_starry_boxes, uniq_eustachio

Skill      XL: |  1  2  3  4  5  6  7  8 |
---------------+-------------------------+-----
Fighting       | 4 5 6 |  6.2
Axes           | 4 5 6 8 |  8.9
Armour         | 3 4 5 6 |  6.5
Dodging        | 3 4 |  4.3
Stealth        | 1 |  1.3

Action                   |  1- 3 |  4- 6 |  7- 9 || total
-------------------------+-------+-------+-------++-------
Melee: Hand axe          |    93 |    48 |       ||   141
       Headbutt          |    15 |    19 |    17 ||    51
       War axe           |       |    95 |    93 ||   188
Invok: Berserk           |     1 |     3 |       ||     4
       Trog's Hand       |       |       |     1 ||     1
  Use: Scroll            |     3 |     3 |     4 ||    10
Armor: Animal skin       |     4 |       |       ||     4
       Scale mail        |    33 |    82 |    54 ||   169
Dodge: Dodged            |    53 |    93 |    70 ||   216

Table legend: (Time is in decaauts)
 A = Elapsed time spent in this place.
 B = Non-inter-level travel time spent in this place.
 C = Inter-level travel time spent in this place.
 D = Time resting spent in this place.
 E = Time spent auto-exploring this place.
 F = Levels seen in this place.
 G = Mean time per level.
                   A        B        C        D        E       F      G
               +--------+--------+--------+--------+--------+-----+--------+
         Total |   5698 |   5577 |    121 |    728 |   3718 |   6 |  949.7 |
       Dungeon |   5076 |   4955 |    121 |    543 |   3463 |   5 | 1015.2 |
         Sewer |    622 |    622 |      0 |    184 |    254 |   1 |  622.0 |
               +--------+--------+--------+--------+--------+-----+--------+

Top non-repeatable levels by time:
     D:3: 1180 daAuts
     D:5: 1051 daAuts
     D:2: 976 daAuts
     D:1: 960 daAuts
     D:4: 908 daAuts
   Sewer: 622 daAuts
